 Dungeon Crawl Stone Soup version 0.27.1 (webtiles) character file.

Game seed: 6000778885447123605

150 DildoBatman the Conjurer (level 5, 0/37 HPs)
             Began as a Formicid Conjurer on Aug 28, 2021.
             Slain by a goblin (5 damage)
             ... led by Robin
             ... on level 3 of the Dungeon.
             The game lasted 00:06:49 (2428 turns).

DildoBatman the Conjurer (Formicid Conjurer)        Turns: 2428, Time: 00:06:49

Health: 0/37       AC:  2    Str: 11    XL:     5   Next: 58%
Magic:  8/8        EV: 12    Int: 18    God:
Gold:   231        SH:  0    Dex: 10    Spells: 3/9 levels left

rFire    . . .     SeeInvis +   a - +0 dagger (venom)
rCold    . . .     Faith    .   (no shield)
rNeg     . . .     Spirit   .   i - +0 robe
rPois    .         Reflect  .   (helmet unavailable)
rElec    .         Harm     .   (no cloak)
rCorr    .         Rampage  .   (no gloves)
Will     .....                  (no boots)
Stlth    ++........             (no amulet)
HPRegen  0.12/turn              (no ring)
MPRegen  0.11/turn              (no ring)

@: no status effects
A: permanent stasis, dig shafts and tunnels, antennae 3, four strong arms
a: Dig, Shaft Self


You were on level 3 of the Dungeon.
You visited 1 branch of the dungeon, and saw 5 of its levels.

You collected 231 gold pieces.

Inventory:

Hand Weapons
 a - a +0 dagger of venom (weapon)
 b - a +2 dagger of holy wrath
Missiles
 d - 7 boomerangs
 g - 32 sling bullets
 k - 78 bolts
 l - 84 stones (quivered)
 n - 14 arrows
Armour
 i - a +0 robe (worn)
Scrolls
 f - 2 scrolls of magic mapping {unknown}
 j - 3 scrolls of teleportation {unknown}
 o - a scroll of fog {unknown}
 p - a scroll of identify {unknown}
 s - a scroll of enchant weapon {unknown}
Potions
 c - a potion of heal wounds {unknown}
 e - 2 potions of curing {unknown}
 h - a potion of flight {unknown}
 m - a potion of haste {unknown}
 q - a potion of experience {unknown}
 r - a potion of attraction {unknown}


   Skills:
 * Level 1.2 Fighting
 * Level 1.2 Armour
 - Level 1.7 Dodging
 - Level 2.4 Stealth
 * Level 2.6 Spellcasting
 * Level 5.3 Conjurations


You had 3 spell levels left.
You knew the following spells:

 Your Spells              Type           Power      Damage    Failure   Level
a - Searing Ray           Conj           42%        3d4       2%          2
b - Vampiric Draining     Necr           1%         2d6       45%         3
c - Magic Dart            Conj           84%        1d7       1%          1

Your spell library contained the following spells:

 Spells                   Type           Power      Damage    Failure   Level
 Animate Skeleton         Necr           4%         N/A       17%         1
 Pain                     Necr           8%         1d4       17%         1
 Dazzling Flash           Conj/Hex       24%        N/A       17%         3
 Fulminant Prism          Conj/Hex       6%         3d7       50%         4
 Iskenderun's Mystic Bla  Conj/Tloc      12%        2d5       50%         4
 Lee's Rapid Deconstruct  Erth           1%         3d5*      99%         5


Dungeon Overview and Level Annotations

Branches:
Dungeon (5/15)
 Temple: D:4-7

Altars:

Annotations:
D:1 exclusion: skeleton
D:2 1 runed translucent door, Crazy Yiuf
D:3 Robin


Innate Abilities, Weirdness & Mutations

You cannot be hasted, slowed, berserked, paralysed or teleported.
You can dig through walls and to a lower floor.
You have a pair of large antennae on your head. (SInv)
Your four strong arms can wield two-handed weapons with a shield.


Message History

Casting: Magic Dart (safe; 1% risk of failure)
Confirm with . or Enter, or press ? or * to list all spells.
Aiming: Magic Dart (safe; 1% risk of failure)
Press: ? - help, Shift-Dir - straight line, f/p - goblin
Aim: a goblin, wielding a +0 club (moderately wounded, 100% to hit)
The magic dart hits the goblin.
The goblin is heavily wounded.
The goblin hits you with a +0 club.
Robin of the Strong Arm comes into view.
They are wielding a +0 club.
Casting: Magic Dart (safe; 1% risk of failure)
Confirm with . or Enter, or press ? or * to list all spells.
Aiming: Magic Dart (safe; 1% risk of failure)
Press: ? - help, Shift-Dir - straight line, f/p - goblin
Aim: a goblin, wielding a +0 club (heavily wounded, 100% to hit)
The magic dart hits the goblin.
You kill the goblin!
Robin roars a battlecry!
There is a stone staircase leading down here.
A goblin comes into view. It is wielding a +0 club.
The goblin shouts!
There is a stone staircase leading up here.
The goblin hits you but does no damage. The goblin hits you with a +0 club.
A goblin comes into view. It is wielding a +0 dagger.
The goblin closely misses you.
Robin roars a battlecry!
The goblins go into a battle-frenzy!
The goblin barely misses you.
The goblin shouts!
You hear a shout! x2
Robin throws the goblin at you! The goblin barely misses you.
The goblin hits you with a +0 club. Robin hits you with a +0 club.
The goblin closely misses you.
You climb upwards.
There is a stone staircase leading down here.
Robin throws the goblin at you! The goblin hits you with a +0 club.
You die...

.#.# #.#######.#
.#.# #.##....<.#
...# #.###.#####
...# #.........#
...########..#####
.............## ###
.<..####.##...# #.#
.#...#........###.#
.....#.#.##.#...@g#
#.####.#.##.#.g##.#
..............g.#.#
#.####.#......#...#
..# #.#.##########
#.# #...........#
#.##############.#
#.##.)......# #.#
####.######.# #.#


You could see Robin and a goblin (strong).

Vanquished Creatures
  A centaur skeleton (D:5)
  An orc priest (D:4)
  2 adders
  A worm (D:3)
  An orc (D:3)
  6 endoplasms
  A giant cockroach (D:1)
  11 goblins
  8 hobgoblins
  4 jackals
  3 quokkas
  5 ball pythons
  4 bats
  3 frilled lizards
  4 kobolds
  10 rats
65 creatures vanquished.

Notes
Turn   | Place    | Note
-------+----------+-------------------------------------------
     0 | D:1      | DildoBatman the Formicid Conjurer began the quest for the
                  | Orb.
     0 | D:1      | Reached XP level 1. HP: 13/13 MP: 3/3
     0 | D:1      | Noticed a minotaur skeleton
   279 | D:1      | Found a faded altar of an unknown god.
   284 | D:1      | Reached skill level 4 in Conjurations
   284 | D:1      | Reached XP level 2. HP: 19/19 MP: 0/5
   287 | D:1      | Learned a level 2 spell: Searing Ray
   583 | D:1      | Reached XP level 3. HP: 19/24 MP: 3/6
  1329 | D:2      | You fall into a shaft and drop 2 floors!
  1392 | D:3      | Reached XP level 4. HP: 30/30 MP: 5/7
  1452 | D:3      | Reached skill level 5 in Conjurations
  1497 | D:2      | Found a runed translucent door.
  1498 | D:2      | Noticed Crazy Yiuf
  1986 | D:3      | Learned a level 3 spell: Vampiric Draining
  2258 | D:5      | Entered Level 5 of the Dungeon
  2275 | D:5      | Reached XP level 5. HP: 32/36 MP: 0/8
  2294 | D:4      | Reached skill level 1 in Fighting
  2294 | D:4      | Reached skill level 1 in Armour
  2382 | D:4      | Noticed Robin
  2428 | D:3      | Slain by a goblin

Illustrated notes

Levels and vault maps discovered:
D:1:      shiori_arrival_whats_in_store_for_you, layout_loops_ring,
          hellmonk_ecumenical_altar_lost_god, minmay_misc_feat_x
D:2:      layout_basic, uniq_crazy_yiuf_cottage
D:3:      layout_basic
D:4:      layout_gridville, minmay_misc_feat_doors, uniq_menkaure, uniq_robin,
          uniq_sigmund
D:5:      layout_basic, nicolae_dithmenos_the_darkroom,
          nicolae_vehumet_altar_sigil, minmay_temple_entry_overgrown,
          hangedman_decor_peaks_small, kennysheep_generic_room_3

Skill      XL: |  1  2  3  4  5 |
---------------+----------------+-----
Conjurations   | 4 5 |  5.3
Fighting       | 1 |  1.2
Armour         | 1 |  1.2
Dodging        | |  1.7
Stealth        | |  2.4
Spellcasting   | |  2.6

Action                   |  1- 3 |  4- 6 || total
-------------------------+-------+-------++-------
Melee: Club              |    11 |       ||    11
       Dagger            |    27 |    54 ||    81
 Cast: Magic Dart        |    45 |    10 ||    55
       Searing Ray       |     2 |     8 ||    10
 Abil: Dig               |     3 |     9 ||    12
 Stab: Sleeping          |       |     2 ||     2
Armor: Robe              |     8 |    19 ||    27
Dodge: Dodged            |    35 |    52 ||    87
